[Event "44th Chess Olympiad Open 2022"]
[Site "Chennai"]
[Date "2022.08.06"]
[Round "8.48"]
[White "Lorne, Ras Malaku"]
[Black "Adebayo, Adegboyega"]
[Result "1-0"]
[WhiteElo "2079"]
[BlackElo "2313"]
[Annotator "RC"]
[PlyCount "129"]
[EventDate "2022.??.??"]
[TimeControl "60"]

1. d4 e6 2. Nf3 f5 3. c4 Nf6 4. Nc3 Bb4 5. Qb3 a5 6. g3 b6 7. Bg2 Bb7 8. O-O O-O 9. a3 Bxc3 10. Qxc3 a4 11. Bg5 d6 12. c5 Bd5 13. cxd6 cxd6 14. Nd2 Nbd7 15. Rac1 h6 16. Bxd5 Nxd5 17. Bxd8 Nxc3 18. Rxc3 Rfxd8 19. Rc6 e5 20. Rxd6 exd4 21. Nf3 Nc5 22. Rxd4 Rxd4 23. Nxd4 Rd8 24. e3 Rd5 25. Rc1 Kf7 26. Kf1 Kf6 27. Ke2 g5 28. Rc4 Ke5 29. Rb4 Rd6 30.
Nb5 Rc6 31. Nc3 g4 32. Rc4 Kd6 33. Rd4+ Ke5 34. Rc4 Kd6 35. Kd1 h5 36. Ke2 Kd7 37. Rd4+ Ke6 38. f4 Rc7 39. Rb4 Rc6 40. Rc4 Kd7 41. Rd4+ Ke6 42. Kd1 Rc8 43. Ke2 Rc6 44. e4 fxe4 45. Ke3 Kf7 46. Rc4 Rd6 47. Nxe4 Nxe4 48. Rxe4 Rd1 49. Re5 Kg6 50. Re6+ Kg7 51. f5 Rf1 52. Rxb6 Rxf5 53. Rb4 Ra5 54. Kd4 Rf5 55. Rxa4 Rf2 56. b4 h4 57. gxh4 Kh6 58. Ra5 Rxh2 59. Ke3 Rg2 60. Kf4 Rg1 61. Rg5 Ra1 62. Rxg4 Rxa3 63. Ke4 Kh5 64. Rf4 Rc3 65. Kd5 1-0

[Event "44th Chess Olympiad Open 2022"]
[Site "Chennai"]
[Date "2022.08.06"]
[Round "8.49"]
[White "Berend, Fred"]
[Black "Abera, Aydagnuhem Gezachew"]
[Result "1-0"]
[WhiteElo "2307"]
[BlackElo "2137"]
[Annotator "RC"]
[PlyCount "82"]
[EventDate "2022.??.??"]
[TimeControl "60"]

1. d4 d5 2. c4 e6 3. g3 Nf6 4. Bg2 c6 5. Nf3 Be7 6. Qc2 Na6 7. Nbd2 O-O 8.
O-O Bd7 9. e4 dxe4 10. Nxe4 Nxe4 11. Qxe4 Nc7 12. b3 Ne8 13. Bb2 Nf6 14. Qc2 Qa5 15. Rfe1 Qh5 16. Ne5 Rfd8 17. h3 Ne8 18. Rad1 Nd6 19. Bc1 Bg5 20. Bf3 Qh6 21. Ng4 Bxc1 22. Nxh6+ Bxh6 23. h4 g6 24. h5 Bg7 25. hxg6 hxg6 26. g4 Bh6 27. Kg2 Bf4 28. Qc3 f6 29. d5 Kf7 30.
Rh1 Rh8 31. dxc6 Bxc6 32. Bxc6 bxc6 33. Qf3 Rxh1 34. Rxh1 g5 35. Qxc6 Rg8 36. Qd7+ Kf8 37. Qxe6 Kg7 38. Rd1 Nf7 39. Rd7 Rf8 40. Rxa7 Kg6 41. Qf5+ Kg7 1-0

[Event "44th Chess Olympiad Open 2022"]
[Site "Chennai"]
[Date "2022.08.06"]
[Round "8.49"]
[White "Gengler, Pierre"]
[Black "Tsige, Addisalem Temesgen"]
[Result "1-0"]
[WhiteElo "2194"]
[BlackElo "2072"]
[Annotator "RC"]
[PlyCount "109"]
[EventDate "2022.??.??"]
[TimeControl "60"]

1. g3 c5 2. Bg2 g6 3. e4 Nc6 4. Ne2 Bg7 5. O-O d6 6. c3 e5 7. Na3 Nge7 8. Nc2 Bg4 9. Ne3 Be6 10. f4 f5 11. g4 Qd7 12. gxf5 gxf5 13. Ng3 O-O-O 14. fxe5 fxe4 15. exd6 Nd5 16. d3 Nxe3 17. Bxe3 Bg4 18. Qa4 Bf3 19. dxe4 Bxg2 20. Kxg2 b6 21. Rad1 Kb7 22. Qb3 Rdf8 23. Bxc5 h5 24. Rxf8 Rxf8 25. Nf5 Re8 26. Rf1 Rf8 27. Bf2 Be5 28. Bg3 Bxg3 29. hxg3 Kb8 30. Qd5 Re8 31. Nd4 Ne5 32. Rf5 Ng4 33. Qf7 Kc8 34. Qxd7+ Kxd7 35. Rxh5 Kxd6 36. Nb5+ Kc6 37. Nxa7+ Kb7 38.
Rh7+ Ka6 39. Nc6 Kb5 40. Nb4 Ne3+ 41. Kf3 Nf1 42. b3 Nd2+ 43. Kg2 Nxe4 44. Rh5+ Nc5 45. a4+ Ka5 46. Nd5 Nd3 47. Nc7+ Re5 48. Rxe5+ Nxe5 49. Kh3 Nf3 50. g4 Nd2 51. g5 Ne4 52. g6 b5 53. Nxb5 Kb6 54. g7 Nf6 55. Kh4 1-0

[Event "44th Chess Olympiad Open 2022"]
[Site "Chennai"]
[Date "2022.08.06"]
[Round "8.49"]
[White "Gole, Habtamu Ashenafi"]
[Black "Berend, Elvira"]
[Result "1/2-1/2"]
[WhiteElo "2044"]
[BlackElo "2333"]
[Annotator "RC"]
[PlyCount "92"]
[EventDate "2022.??.??"]
[TimeControl "60"]

1. Nf3 Nf6 2. d4 e6 3. Bg5 h6 4. Bh4 d6 5. Nbd2 g5 6. Bg3 Nh5 7. e4 Bg7 8. c3 Nd7 9. Qc2 a6 10. Be2 Rb8 11. Nc4 Nb6 12. Nxb6 cxb6 13. Nd2 Nxg3 14. hxg3 b5 15. a3 Bd7 16. Qb3 Qc7 17. Bh5 Qa5 18.
Rd1 Qa4 19. Qa2 Qa5 20. Nf1 b4 21. cxb4 Qb6 22. e5 dxe5 23.
dxe5 Bxe5 24. Ne3 Bd4 25. O-O Bxe3 26. fxe3 Rf8 27. Rd4 Bb5 28. Rfd1 Ke7 29. a4 Bc6 30. Qa3 Kf6 31. Qc3 Ke7 32. Rd6 Rbd8 33. Qe5 Rd7 34. Rxe6+ fxe6 35. Qg7+ Kd8 36. Qxf8+ Kc7 37. Rxd7+ Bxd7 38. Kf2 Bxa4 39. Qxh6 Qxb4 40. Qxg5 Qxb2+ 41.
Kg1 Bc6 42. Bf3 Qa1+ 43. Kh2 Qh8+ 44. Kg1 Qa1+ 45. Kh2 Qh8+ 46. Kg1 Qa1+ 1/2-1/2

[Event "44th Chess Olympiad Open 2022"]
[Site "Chennai"]
[Date "2022.08.06"]
[Round "8.49"]
[White "Badene, Habtamu Bayu"]
[Black "Schartz, Alain"]
[Result "1-0"]
[WhiteElo "2011"]
[BlackElo "2086"]
[Annotator "NA RC"]
[PlyCount "95"]
[EventDate "2022.??.??"]
[TimeControl "60"]

1. e4 c5 2. Nf3 d6 3. d4 cxd4 4. Nxd4 Nf6 5. Nc3 a6 6. Bg5 e6 7. g3 h6 8. Be3 e5 9. Nb3 Be6 10. Nd5 Nbd7 11. Bg2 Rc8 12. Rc1 b5 13. O-O Bxd5 14. exd5 Nb6 15. Bxb6 Qxb6 16. Qd2 Be7 17. Na5 Nd7 18. Kh1 O-O 19. h4 Rc7 20. Nc6 Bf6 21. c4 Nb8 22. b4 Nxc6 23.
dxc6 Rxc6 24. Bxc6 Qxc6+ 25. Qd5 Qc8 26. Kh2 Qg4 27. f3 Qh5 28.
cxb5 axb5 29. Kg2 Qg6 30. Qe4 Qh5 31. Rfd1 Be7 32. Rc7 Bd8 33. Rc8 f5 34. Qd5+ Kh7 35. Rf1 Qg6 36. h5 Qxh5 37. Qxd6 Be7 38. Qe6 Rxc8 39. Qxc8 Bxb4 40. Qd7 Qg5 41. f4 Qg6 42. fxe5 f4 43.
Rxf4 Qc2+ 44. Rf2 Qe4+ 45. Kh2 Qe1 46. Qf5+ Kh8 47. Rc2 Bc3 48. Qc8+ 1-0

[Event "44th Chess Olympiad Open 2022"]
[Site "Chennai"]
[Date "2022.08.06"]
[Round "8.50"]
[White "Lim, Zhuo Ren"]
[Black "Maung, Maung Kyaw Zaw Hein"]
[Result "1-0"]
[WhiteElo "2318"]
[BlackElo "2121"]
[Annotator "RC"]
[PlyCount "95"]
[EventDate "2022.??.??"]
[TimeControl "60"]

1. d4 d5 2. Nf3 Nf6 3. c4 c6 4. Nc3 dxc4 5. a4 Bf5 6. Ne5 Nbd7 7. Nxc4 Qc7 8. g3 e5 9. dxe5 Nxe5 10. Bf4 Nfd7 11. Bg2 g5 12. Ne3 gxf4 13. Nxf5 O-O-O 14. Qc2 Kb8 15. gxf4 Rg8 16. O-O Ng4 17. e3 Rg6 18. Kh1 Bd6 19. Rad1 Bxf4 20. exf4 Qxf4 21. Ng3 Qh6 22. h3 Ne3 23. fxe3 Rxg3 24. Qf2 Rdg8 25. Rxd7 Rxg2 26. Qxg2 Rxg2 27. Kxg2 f5 28. Rf3 Qe6 29. Rd2 a5 30. Kf2 Qf6 31. Rf4 h5 32. h4 b5 33. axb5 cxb5 34. Nxb5 Qc6 35. Nd4 Qd6 36. Rc2 a4 37. Nxf5 Qd1 38.
Rb4+ Ka8 39. Rxa4+ Kb7 40. Rb4+ Ka6 41. Rbc4 Qh1 42. e4 Qh2+ 43. Ke3 Qg1+ 44. Kf4 Qg4+ 45. Ke5 Qg8 46. Rc8 Qb3 47. R2c6+ Kb7 48. R6c7+ 1-0

[Event "44th Chess Olympiad Open 2022"]
[Site "Chennai"]
[Date "2022.08.06"]
[Round "8.50"]
[White "Poh, Yu Tian"]
[Black "Nay Lin Tun"]
[Result "1-0"]
[WhiteElo "2118"]
[BlackElo "2045"]
[Annotator "NA RC"]
[PlyCount "71"]
[EventDate "2022.??.??"]
[TimeControl "60"]

1. e4 c5 2. Nf3 d6 3. d4 cxd4 4. Nxd4 Nf6 5. Nc3 g6 6. Be3 Bg7 7. f3 O-O 8. Qd2 Nc6 9. O-O-O d5 10. exd5 Nxd5 11. Nxc6 bxc6 12. Bd4 e5 13. Bc5 Be6 14. Ne4 Re8 15. h4 h6 16. g4 Qc7 17. g5 h5 18.
Bc4 Red8 19. Qf2 Qa5 20. Qe1 Qxe1 21. Rhxe1 Nf4 22. Bxe6 Nxe6 23. Bf2 f5 24. gxf6 Bh6+ 25. Kb1 Kf7 26. Rxd8 Rxd8 27. Bxa7 Bf4 28. Bb6 Rb8 29. Be3 Bxe3 30. Rxe3 Nf4 31. Rc3 Rb6 32. Ra3 Nd5 33. Ra7+ Ke6 34. Ng5+ Kf5 35. f7 Rb8 36. Nh7 1-0

[Event "44th Chess Olympiad Open 2022"]
[Site "Chennai"]
[Date "2022.08.06"]
[Round "8.50"]
[White "Sai Han Thiha"]
[Black "Tan, Jun Ying"]
[Result "1/2-1/2"]
[WhiteElo "1974"]
[BlackElo "2191"]
[Annotator "NA RC"]
[PlyCount "68"]
[EventDate "2022.??.??"]
[TimeControl "60"]

1. d4 c5 2. d5 f5 3. g3 Nf6 4. Bg2 d6 5. Nf3 g6 6. O-O Bg7 7. c4 O-O 8. Nc3 h6 9. Rb1 Na6 10. b3 g5 11. e3 Qe8 12. Bb2 Qg6 13. a3 Bd7 14. Qc2 Rae8 15.
Ne2 b5 16. Qd3 Rb8 17. Ba1 Kh7 18. Nd2 Rb7 19. f4 g4 20. Rfe1 Rfb8 21. Qc2 Nc7 22. Nc3 Kh8 23. Bf1 a5 24. Bd3 b4 25. axb4 Na6 26. Na2 cxb4 27. e4 fxe4 28. Nxe4 Nxe4 29. Bxe4 Qf7 30. Bg6 Qf8 31. Nc1 Nc5 32. Nd3 Rc8 33. Nxc5 Rxc5 34. Qe4 Bc8 1/2-1/2

[Event "44th Chess Olympiad Open 2022"]
[Site "Chennai"]
[Date "2022.08.06"]
[Round "8.50"]
[White "Zaw Ye Htut"]
[Black "Subramaniam, Sumant"]
[Result "0-1"]
[WhiteElo "1255"]
[BlackElo "2152"]
[Annotator "RC"]
[PlyCount "142"]
[EventDate "2022.??.??"]
[TimeControl "60"]

1. e4 d5 2. exd5 Qxd5 3. d4 Nc6 4. Nf3 Bg4 5. Be3 e5 6. c4 Bb4+ 7. Nc3 Qa5 8. d5 O-O-O 9. Be2 e4 10. Nd2 Bxe2 11. Qxe2 Bxc3 12. bxc3 Qxc3 13. O-O Ne5 14. Rfc1 Qd3 15. Qh5 Re8 16. Rab1 Nf6 17. Qd1 Qa3 18. Rb3 Qa4 19. Rcb1 b6 20. Qc2 Neg4 21. Bd4 Nxd5 22. Nxe4 Nb4 23. Qe2 f5 24. Rxb4 Qd7 25. c5 Rxe4 26. Qc4 Rhe8 27. Rf1 Qc6 28. cxb6 Qxc4 29. Rxc4 axb6 30. f3 Ne3 31. fxe4 Nxc4 32. exf5 Re7 33. Rf4 Nd6 34. g4 c5 35. Bb2 Ne4 36. Bxg7 Ng5 37. Bf8 Ra7 38. Rc4 Rxa2 39. Bd6 Kd7 40. Bb8 Kc6 41. Kh1 b5 42. Rc1 b4 43. Rb1 Ne4 44. h3 Nf2+ 45. Kg2 Nxg4+ 46. Kf3 Nh6 47. f6 Ra6 48. Rd1 Nf7 49. Ke4 Ra8 50. Bf4 b3 51. Kf5 Re8 52. Bc1 c4 53.
Bb2 Re2 54. Bd4 Nd6+ 55. Kg5 b2 56. Rb1 c3 57. Rf1 Rf2 58.
Re1 Ne4+ 59. Kh6 Rxf6+ 60. Kxh7 Rf3 61. h4 Nd2 62. h5 Rf1 63.
Bxc3 Rxe1 64. Bxb2 Rg1 65. h6 Kd7 66. Bg7 Ke8 67. Kg8 Ne4 68.
h7 Nf6+ 69. Kh8 Nxh7 70. Kxh7 Kf7 71. Kh8 Rh1+ 0-1

[Event "44th Chess Olympiad Open 2022"]
[Site "Chennai"]
[Date "2022.08.06"]
[Round "8.51"]
[White "Arias, Lemnys A."]
[Black "Sabure, Bojosi"]
[Result "1-0"]
[WhiteElo "2258"]
[BlackElo "1966"]
[Annotator "NA RC"]
[PlyCount "91"]
[EventDate "2022.??.??"]
[TimeControl "60"]

1. e4 g6 2. d4 Bg7 3. c3 d6 4. Nf3 Nd7 5. Bc4 e6 6. O-O a6 7. a4 b6 8. Bg5 Ne7 9. Nbd2 h6 10. Be3 Bb7 11. Ba2 Nf6 12. Qc2 Qd7 13. h3 g5 14. Nh2 Ng6 15.
f4 gxf4 16. Bxf4 O-O-O 17. Be3 Rhg8 18. Rf2 Rdf8 19. c4 c5 20. d5 a5 21. Raf1 e5 22. Qd1 Qe7 23. Bb1 Kc7 24. Ng4 Nxg4 25.
Qxg4 Bc8 26. Qh5 Nf4 27. Bxf4 exf4 28. Rxf4 Bd4+ 29. Kh1 Bd7 30. Rxf7 Rxf7 31. Rxf7 Qg5 32. Qxg5 hxg5 33. e5 Bxe5 34. Bf5 Rg7 35. Rxg7 Bxg7 36. Bxd7 Kxd7 37. b3 Ke7 38. Ne4 g4 39. hxg4 Be5 40. g3 Kf7 41. Kg2 Kg6 42. Kh2 Kh6 43. Kh3 Kg6 44. Kh4 Kh6 45. g5+ Kg6 46. Kg4 1-0

[Event "44th Chess Olympiad Open 2022"]
[Site "Chennai"]
[Date "2022.08.06"]
[Round "8.51"]
[White "Oatlhotse, Providence"]
[Black "Giron, Jorge Ernesto"]
[Result "0-1"]
[WhiteElo "2204"]
[BlackElo "2288"]
[Annotator "NA RC"]
[PlyCount "58"]
[EventDate "2022.??.??"]
[TimeControl "60"]

1. Nf3 Nf6 2. g3 c5 3. Bg2 Nc6 4. O-O g6 5. Re1 Bg7 6. e4 e5 7. a3 a5 8. a4 O-O 9. Na3 d6 10. d3 h6 11. Nd2 Bg4 12. f3 Be6 13.
Ndc4 d5 14. Ne3 Rc8 15. Bd2 Kh7 16. c4 dxe4 17. dxe4 Nd4 18. Rb1 Ne8 19. b3 f5 20. Nd5 f4 21. gxf4 exf4 22. Nxf4 Be5 23. Nd5 Qh4 24. f4 Bg4 25. Qc1 Nf3+ 26. Bxf3 Bxf3 27. fxe5 Qg4+ 28. Kf2 Bh1+ 29. Nf4 Qg2+ 0-1

[Event "44th Chess Olympiad Open 2022"]
[Site "Chennai"]
[Date "2022.08.06"]
[Round "8.51"]
[White "Chavez, Ricardo Ernesto"]
[Black "Rongwane, Gomolemo"]
[Result "1/2-1/2"]
[WhiteElo "2179"]
[BlackElo "2033"]
[Annotator "NA RC"]
[PlyCount "80"]
[EventDate "2022.??.??"]
[TimeControl "60"]

1. e4 e5 2. Nf3 Nc6 3. Bb5 a6 4. Ba4 Nf6 5. Qe2 b5 6. Bb3 Be7 7. c3 O-O 8. O-O d6 9. Rd1 Na5 10. Bc2 c5 11. d4 Qc7 12. d5 c4 13. b4 cxb3 14. axb3 Bd7 15. Ba3 Bg4 16. h3 Bxf3 17. Qxf3 Rfc8 18. Bb2 Nb7 19. b4 Nd7 20. Nd2 Nb6 21. Qe2 Bg5 22. Bb3 Bxd2 23. Rxd2 Nc4 24. Rd3 a5 25. Bc1 a4 26. Bc2 Qd7 27. Rg3 Kh8 28. Kh2 Rg8 29. Qh5 f6 30. Bd1 g6 31. Qh4 Raf8 32. Bh6 Rf7 33. Bg4 Qe7 34. Be6 Nd8 35. Qg4 Nxe6 36. dxe6 Rff8 37. Bxf8 Rxf8 38. f4 exf4 39. Qxf4 Qxe6 40. Rxg6 hxg6 1/2-1/2

[Event "44th Chess Olympiad Open 2022"]
[Site "Chennai"]
[Date "2022.08.06"]
[Round "8.51"]
[White "Monnaatsheko, Keletshabile"]
[Black "Burgos Figueroa, Carlos E."]
[Result "0-1"]
[WhiteElo "2014"]
[BlackElo "2164"]
[Annotator "NA RC"]
[PlyCount "80"]
[EventDate "2022.??.??"]
[TimeControl "60"]

1. d4 c5 2. e3 e6 3. Bd3 Nf6 4. Nf3 b6 5. O-O Bb7 6. Nbd2 Be7 7. c3 d5 8. Ne5 Nbd7 9. f4 O-O 10. Qf3 Qc7 11. g4 Ne8 12. Qh3 g6 13. g5 Nxe5 14. dxe5 Ng7 15. Rf3 c4 16. Bc2 d4 17. exd4 Bxf3 18. Qxf3 Nf5 19. Ne4 Rfc8 20. Be3 Rab8 21. Bf2 b5 22. b4 cxb3 23. axb3 a5 24. Bd3 Rd8 25. Qh3 b4 26. c4 a4 27. d5 exd5 28. Nf6+ Bxf6 29. gxf6 Kh8 30. Rxa4 dxc4 31. Be4 cxb3 32. Qxb3 Qc1+ 33. Kg2 Qxf4 34. Bxf5 Qxf5 35. Rxb4 Rxb4 36. Qxb4 Qxe5 37. Qe7 Qd5+ 38.
Kh3 Qf3+ 39. Bg3 Qf1+ 40. Kg4 Qf5+ 0-1

[Event "44th Chess Olympiad Open 2022"]
[Site "Chennai"]
[Date "2022.08.06"]
[Round "8.52"]
[White "Mc Intosh, Isaiah"]
[Black "Jelic, Dejan"]
[Result "1-0"]
[WhiteElo "2215"]
[BlackElo "1905"]
[Annotator "NA RC"]
[PlyCount "59"]
[EventDate "2022.??.??"]
[TimeControl "60"]

1. d4 d5 2. c4 e6 3. g3 Nf6 4. Nf3 Bd7 5. Bg2 Bb4+ 6. Bd2 a5 7. O-O O-O 8. c5 Bxd2 9. Qxd2 Re8 10. Nc3 Nc6 11. Rad1 a4 12. Rfe1 Na5 13. Ne5 Bc6 14. Qc2 a3 15. b4 Nc4 16. b5 Bd7 17. Nxc4 dxc4 18. Bxb7 Rb8 19. c6 Bc8 20. Bxc8 Rxc8 21. e4 Ra8 22. Qe2 h5 23. Qxc4 h4 24. d5 e5 25. b6 cxb6 26. d6 Re6 27. d7 Qc7 28. Nb5 Qxc6 29. Qxc6 Rxc6 30. d8=Q+ 1-0

[Event "44th Chess Olympiad Open 2022"]
[Site "Chennai"]
[Date "2022.08.06"]
[Round "8.52"]
[White "Harper, Ryan"]
[Black "Mannhart, Marcel"]
[Result "1-0"]
[WhiteElo "2208"]
[BlackElo "2110"]
[Annotator "RC"]
[PlyCount "109"]
[EventDate "2022.??.??"]
[TimeControl "60"]

1. e4 g6 2. d4 Bg7 3. Nc3 d6 4. Be2 a6 5. Nf3 Nd7 6. h4 h5 7. Ng5 e6 8. Be3 b5 9. a3 Qe7 10. Qd2 Bb7 11. Rd1 Nh6 12. f3 f6 13. Nh3 Nf7 14. Nf4 Nf8 15.
a4 b4 16. Na2 c5 17. c3 bxc3 18. bxc3 f5 19. exf5 gxf5 20. Kf2 cxd4 21. cxd4 Nd8 22. Rb1 Bf6 23. g3 Qf7 24. Rhc1 Ng6 25. Nxg6 Qxg6 26. Bg5 Rh7 27. Rb6 Rd7 28. f4 Kf8 29. Qd1 Bxg5 30. Bxh5 Qg8 31. fxg5 e5 32. d5 Qxd5 33. Qxd5 Bxd5 34. Nb4 Bb7 35. Bg6 a5 36. Na2 Bd5 37. Nc3 Be6 38. Nb5 Ke7 39. Ke3 d5 40. Rc5 Nb7 41. Rc7 d4+ 42.
Kd2 Nd8 43. Rc5 d3 44. Rxe5 Rc8 45. Bxf5 Rc2+ 46. Kd1 Re2 47. Bxe6 Rxe5 48. Bxd7 Kxd7 49. Rd6+ Ke7 50. Rxd3 Ne6 51. Nd4 Re4 52. Nf5+ Kf8 53. g6 Rxa4 54. Rd7 Rg4 55. Rf7+ 1-0

[Event "44th Chess Olympiad Open 2022"]
[Site "Chennai"]
[Date "2022.08.06"]
[Round "8.52"]
[White "Schadler, Martin"]
[Black "Johnson, Joshua"]
[Result "0-1"]
[WhiteElo "1939"]
[BlackElo "2178"]
[Annotator "NA RC"]
[PlyCount "78"]
[EventDate "2022.??.??"]
[TimeControl "60"]

1. d4 d5 2. c4 c6 3. Nf3 Nf6 4. g3 Bf5 5. Bg2 e6 6. O-O Be7 7. Re1 h6 8. Nc3 O-O 9. Ne5 Nbd7 10. cxd5 exd5 11. Nxd7 Qxd7 12. e4 dxe4 13. Nxe4 Nxe4 14. Bxe4 Bf6 15. Bxf5 Qxf5 16. Be3 Rfd8 17. Qb3 Rd7 18. Rac1 Qd5 19. Qa3 a6 20. Rcd1 Rad8 21. Qa4 Qh5 22. Qc2 Rd5 23. Rd2 Qg4 24. Rde2 Rf8 25. Qb3 Qd7 26. Rd1 Re8 27. Red2 Rd8 28. Qb4 a5 29. Qc3 c5 30. Qb3 cxd4 31. Rd3 Qg4 32. Bf4 b5 33. Bc7 a4 34. Qc2 Rc8 35.
Qc6 Rd7 36. Qxb5 Rdxc7 37. Qxa4 Rc1 38. b4 Qe2 39. R3d2 Qxd2 0-1

[Event "44th Chess Olympiad Open 2022"]
[Site "Chennai"]
[Date "2022.08.06"]
[Round "8.52"]
[White "Frick, Renato"]
[Black "Munro, Allan"]
[Result "0-1"]
[WhiteElo "1900"]
[BlackElo "2008"]
[Annotator "NA RC"]
[PlyCount "40"]
[EventDate "2022.??.??"]
[TimeControl "60"]

1. e4 c6 2. d4 d5 3. exd5 cxd5 4. Bd3 Nc6 5. c3 Qc7 6. h3 Nf6 7. Bg5 g6 8. Qf3 Bg7 9. Nd2 Qd6 10. Bf4 Qd8 11. Qe2 O-O 12. Ngf3 Nh5 13.
Bh2 Bh6 14. Ne5 f6 15. Ng4 Bf4 16. g3 Bxd2+ 17. Qxd2 e5 18. dxe5 fxe5 19. O-O-O Nf6 20. Qh6 Bxg4 0-1

[Event "44th Chess Olympiad Open 2022"]
[Site "Chennai"]
[Date "2022.08.06"]
[Round "8.53"]
[White "Arias Santana, Mauricio"]
[Black "Attalib, Osama A."]
[Result "1-0"]
[WhiteElo "2318"]
[BlackElo "2033"]
[Annotator "RC"]
[PlyCount "183"]
[EventDate "2022.??.??"]
[TimeControl "60"]

1. e4 e5 2. Nf3 Nc6 3. Bb5 a6 4. Ba4 Nf6 5. Bxc6 dxc6 6. d3 Bd6 7. Nbd2 Be6 8. b3 Nd7 9. Bb2 Qe7 10. O-O O-O 11. Nc4 Bxc4 12. bxc4 Rad8 13. a4 a5 14. g3 f5 15. exf5 Rxf5 16. Nd2 Rdf8 17. Kg2 Nc5 18. Qe2 Qg5 19. Ne4 Nxe4 20. Qxe4 Qd2 21. Qe3 Rxf2+ 22. Qxf2 Rxf2+ 23. Rxf2 Qe3 24. Rf3 Qd2+ 25. Rf2 Qe3 26. Raf1 h6 27. Bc3 b6 28. Re1 Qc5 29. Ra1 Be7 30. Re2 Bf6 31. h4 Qd6 32. Re4 Qc5 33. h5 Qd6 34. Rf1 Kh7 35. Rf2 b5 36.
cxb5 cxb5 37. axb5 a4 38. Rxa4 Qd5+ 39. Re4 Qxb5 40. Rfe2 Qd5 41. Kh2 Qf7 42. g4 Qd7 43. Kg3 Qc6 44. Bxe5 Bxe5+ 45. Rxe5 Qh1 46. R5e4 Qf1 47. Rf2 Qc1 48. Rc4 Qe3+ 49. Kg2 Qe5 50. Kf1 Qa1+ 51. Ke2 Qe5+ 52. Re4 Qg3 53. Rf5 Qg2+ 54. Kd1 Qh2 55. Rc4 Qg1+ 56. Kd2 Qh2+ 57. Kc3 Qd6 58. Rfc5 Qf6+ 59. Kb3 Qb6+ 60. Ka2 Qa6+ 61. Kb1 Qb7+ 62. Kc1 Qh1+ 63. Kb2 Qb7+ 64. Kc3 Qb6 65. Rxc7 Qa5+ 66. Kd4 Qg5 67. R4c5 Qxg4+ 68. Kc3 Qe2 69. Rb7 Kh8 70. Rc8+ Kh7 71. Rcc7 Qe1+ 72. Kb2 Qe5+ 73. c3 Qe2+ 74. Ka3 Qxd3 75. Rxg7+ Kh8 76. Rgc7 Qd6+ 77. Kb3 Qd1+ 78. Kb4 Qb1+ 79. Kc5 Qf5+ 80. Kb6 Qf2+ 81. Rc5 Qb2+ 82. Kc7 Qa3 83. Rc6 Qa5+ 84. Kb8 Qe5+ 85. Rcc7 Kg8 86. c4 Kf8 87. Ka8 Qa5+ 88. Ra7 Qf5 89. Rf7+ Qxf7 90. Rxf7+ Kxf7 91. c5 Kf6 92. c6 1-0

[Event "44th Chess Olympiad Open 2022"]
[Site "Chennai"]
[Date "2022.08.06"]
[Round "8.53"]
[White "Chaves Sanchez, Gabriel A"]
[Black "Abugenda, Nagi"]
[Result "1/2-1/2"]
[WhiteElo "2125"]
[BlackElo "1991"]
[Annotator "NA RC"]
[PlyCount "130"]
[EventDate "2022.??.??"]
[TimeControl "60"]

1. e4 d5 2. exd5 Qxd5 3. Nc3 Qa5 4. d4 Nf6 5. Nf3 Bf5 6. Ne5 c6 7. g4 Bg6 8. h4 Nbd7 9. Nc4 Qc7 10. h5 Be4 11. Nxe4 Nxe4 12. Qf3 Nd6 13.
Bf4 Nb6 14. O-O-O Nbxc4 15. Bxc4 e6 16. g5 O-O-O 17. g6 hxg6 18. hxg6 Rxh1 19. Rxh1 fxg6 20. Bxe6+ Kb8 21. Qg4 Be7 22. Qxg6 Bf6 23. c3 Qe7 24. Qf7 Qxf7 25. Bxf7 Ka8 26. Bg6 a6 27. Re1 Rd7 28. Re6 Nb5 29. Re8+ Ka7 30. Bf5 Rd5 31. Be6 Bg5 32. Bxg5 Rxg5 33. Rf8 Nd6 34. f3 Rg6 35. Bg4 Kb6 36. b3 Rh6 37. a4 c5 38. dxc5+ Kxc5 39. Kc2 b5 40. a5 b4 41. Rg8 bxc3 42. Kxc3 Nb5+ 43. Kd3 Rd6+ 44. Ke3 g6 45. Kf4 Kb4 46. Kg5 Nd4 47. f4 Kxb3 48.
Rxg6 Rd5+ 49. f5 Rxa5 50. Kf4 Nxf5 51. Bxf5 Ra1 52. Ke3 a5 53. Rb6+ Kc3 54. Rc6+ Kb4 55. Kd4 Rf1 56. Rb6+ Ka3 57. Bd3 Rf4+ 58. Kc3 Rb4 59. Rh6 Rb3+ 60. Kc2 Rb2+ 61. Kc1 Rf2 62. Rh3 Kb4 63. Bc2 Rf4 64. Rb3+ Kc5 65. Kb2 Rb4 1/2-1/2

[Event "44th Chess Olympiad Open 2022"]
[Site "Chennai"]
[Date "2022.08.06"]
[Round "8.53"]
[White "Alhassadi, Yousef A."]
[Black "Cabezas Solano, David Alejandro"]
[Result "1-0"]
[WhiteElo "2068"]
[BlackElo "2196"]
[Annotator "RC"]
[PlyCount "103"]
[EventDate "2022.??.??"]
[TimeControl "60"]

1. e4 c5 2. Nf3 Nc6 3. c3 Nf6 4. e5 Nd5 5. d4 cxd4 6. cxd4 d6 7. Bc4 e6 8. Qe2 dxe5 9. dxe5 Bb4+ 10. Bd2 O-O 11. O-O Bxd2 12. Nbxd2 Qc7 13. Rac1 Nf4 14. Qe4 Ng6 15. Rfe1 Rd8 16. Nb3 Qb6 17. h4 Nf8 18. h5 h6 19. Rc3 Ne7 20. Nh4 Nf5 21. Qf4 a5 22. a4 Qb4 23.
Re4 Qe7 24. Nxf5 exf5 25. Rd4 Re8 26. Rd5 Be6 27. Rb5 Red8 28.
Nd4 Rd7 29. g3 Rad8 30. Nxf5 Rd1+ 31. Kg2 Qd7 32. Bxe6 Nxe6 33. Qg4 Ng5 34. Ne3 Qxg4 35. Nxg4 R8d2 36. Rxb7 Rd8 37. Rc4 Ne6 38. Ne3 R1d2 39. Nf5 Re2 40. Nd6 Rf8 41. Ne4 Rd8 42. Kf3 Re1 43. Ra7 Nd4+ 44. Kf4 Re2 45. Rxa5 Rxb2 46. Ra6 Ra2 47. Kg4 Re2 48. Nd6 Nc2 49. Rac6 Ne1 50. f4 Re3 51. Rc8 Rf8 52. Nf5 1-0

[Event "44th Chess Olympiad Open 2022"]
[Site "Chennai"]
[Date "2022.08.06"]
[Round "8.53"]
[White "Naser Eldean, Ahmed"]
[Black "Chinchilla Miranda, Eugenio"]
[Result "1-0"]
[WhiteElo "1941"]
[BlackElo "2206"]
[Annotator "RC"]
[PlyCount "158"]
[EventDate "2022.??.??"]
[TimeControl "60"]

1. d4 d5 2. Nf3 Nf6 3. g3 Bf5 4. Bg2 e6 5. O-O Bd6 6. c4 c6 7. Nc3 O-O 8. Qb3 Qb6 9. c5 Qxb3 10. axb3 Bc7 11. b4 Ne4 12. Bf4 Bxf4 13.
gxf4 Nd7 14. Ne5 Rfd8 15. Nb1 a6 16. f3 Nef6 17. Nd2 Ne8 18.
Nb3 f6 19. Ng4 Nc7 20. Ne3 Re8 21. Nxf5 exf5 22. Kf2 Nb5 23. h4 g6 24. e3 Re7 25. Rfe1 Rae8 26. Bf1 Nf8 27. Bd3 Ne6 28. Rg1 Nd8 29. Rae1 Kf7 30. h5 Nc7 31. Na1 Nde6 32. Nc2 Rh8 33. Rg2 Ng7 34. Rh1 Nxh5 35. Rgh2 Ke6 36. Na1 Ne8 37. Nb3 Neg7 38. Na5 Kf7 39. Nb3 Rhe8 40. Na5 Rxe3 41. Be4 R3xe4 42. fxe4 Rxe4 43. Nxb7 Rxd4 44. Nd8+ Ke8 45. Nxc6 Rxf4+ 46. Ke3 Ne6 47. Ra1 Nc7 48. Kd3 Rf3+ 49. Kc2 f4 50. Re2+ Kd7 51. Nb8+ Kc8 52. Nxa6 Nb5 53. Re8+ Kd7 54. Rae1 Nd4+ 55. Kb1 Re3 56. R1xe3 fxe3 57. Rxe3 Nf4 58. b5 Nxb5 59. Nb4 h5 60. c6+ Kd6 61. Re8 h4 62. Rd8+ Kc5 63. Rb8 Ne6 64. Na6+ Kxc6 65. Nb4+ Kc5 66. Na6+ Kd4 67. Rxb5 g5 68. Rb8 h3 69. Rh8 g4 70. b4 Kc4 71. Rh4 f5 72. Nb8 Ng5 73. Nc6 Nf3 74. Rh5 h2 75.
Ne7 g3 76. Nxf5 g2 77. Ne3+ Kxb4 78. Nxg2 Kc3 79. Ne3 d4 1-0